 Dungeon Crawl Stone Soup version 0.17-a0-877-ga10078a (console) character file.

406 sose the Conjurer (level 6, 0/28 HPs)
             Began as a Vine Stalker Wizard on Apr 30, 2015.
             Succumbed to a gnoll's poison
             ... on level 4 of the Dungeon.
             The game lasted 00:15:57 (4037 turns).

sose the Conjurer (Vine Stalker Wizard)             Turns: 4037, Time: 00:15:57

Health: 0/28       AC:  3    Str: 10    XL:     6   Next: 87%
Magic:  0/11       EV: 12    Int: 20    God:
Gold:   157        SH:  0    Dex: 12    Spells: 4 memorised, 3 levels left

rFire  + . .     SeeInvis .     v - +0 hand axe (freeze)
rCold  + . .     Clarity  .     a - +0 robe
rNeg   . . .     SustAb   .     (no shield)
rPois  +         Gourm    .     b - +0 hat
rElec  +         Spirit   +     (no cloak)
rCorr  +         Warding  .     (no gloves)
rMut   .         Stasis   .     (no boots)
MR     .....                    (no amulet)
Stlth  ++........               (no ring)
                                (no ring)

@: lethally poisoned (0 -> -2), resistant, very slightly contaminated, not
resistant to hostile enchantments, unstealthy
A: fangs 2, regeneration 2, shaggy fur 1, magic shield, antimagic bite, no
device heal 3, rot immunity
a: no special abilities


You were on level 4 of the Dungeon.
You were not hungry.

You visited 1 branch of the dungeon, and saw 4 of its levels.

You collected 157 gold pieces.

Inventory:

Hand weapons
 e - a +0 whip
 k - a +0 dagger
 v - a +0 hand axe of freezing (weapon)
Armour
 a - a +0 robe (worn)
 b - a +0 hat (worn)
Jewellery
 s - an uncursed ring of fire
Scrolls
 g - a scroll of noise {unknown}
 h - 3 scrolls of remove curse {unknown}
 j - 3 scrolls of teleportation {unknown}
 l - 3 scrolls of identify
 q - a scroll of recharging {unknown}
 u - a scroll of enchant weapon {unknown}
 w - a scroll of fog {unknown}
Potions
 f - a potion of heal wounds
 n - a potion of ambrosia {unknown}
 o - a potion of brilliance {unknown}
 p - a potion of agility {unknown}
 r - a potion of lignification {unknown}
 t - a potion of invisibility {unknown}
Books
 c - a book of Minor Magic

   Spells                             Type                      Level
   a - Magic Dart                     Conjuration                  1
   b - Blink                          Translocation                2
   c - Call Imp                       Summoning                    2
   d - Repel Missiles                 Charms/Air                   2
   e - Slow                           Hexes                        2
   f - Conjure Flame                  Conjuration/Fire             3
   g - Mephitic Cloud                 Conjuration/Poison/Air       3
Comestibles
 d - 6 bread rations
 m - 6 chunks of flesh


   Skills:
 - Level 1.5 Dodging
 - Level 2.4 Stealth
 - Level 3.2 Spellcasting
 + Level 4.3 Conjurations
 - Level 2.3 Summonings
 - Level 1.0 Translocations
 + Level 3.0 Air Magic
 + Level 3.1 Poison Magic


You had 3 spell levels left.
You knew the following spells:

 Your Spells              Type           Power        Failure   Level  Hunger
a - Magic Dart            Conj           ###.         2%          1    None
b - Call Imp              Summ           ##......     10%         2    ##.....
c - Mephitic Cloud        Conj/Pois/Air  ###.....     12%         3    ###....
N - Blink                 Tloc           N/A          17%         2    ##.....


Dungeon Overview and Level Annotations

Branches:
Dungeon (4/15)
 Temple: D:4-7

Altars:
Cheibriados
Zin

Annotations:
D:3 Grinder


Innate Abilities, Weirdness & Mutations

You have extremely sharp teeth.
You heal very quickly.
You are covered in fur (AC +1).
When hurt, damage is shared between your health and your magic reserves.
Your bite disrupts and absorbs the magic of your enemies.
Potions and wands cannot restore your health.
You are immune to rotting.


Message History

The gnoll misses you.
You hit the gnoll shaman. You freeze the gnoll shaman.
You kill the gnoll shaman!
Your Air Magic skill increases to level 3!
You feel sick.
The gnoll hits you from afar with a spear of venom!
* * * LOW HITPOINT WARNING * * *
The gnoll completely misses you.
Drink which item? (? for menu, Esc to quit)
Okay, then.
Unknown command.
Unknown command.
Unknown command.
You aren't carrying any items that can be evoked.
Unknown command.
Unknown command.
Drink which item? (? for menu, Esc to quit)
It was a potion of resistance.
You feel protected.
You die...

###.........#####..........
...........................
...........................
..................(.......
####.....................
##...#)..............
##..#..............#
#............§..#
#........).@§§### ###
##....######.§.##
..###...### #.g..#
.......## ##..†# ......##
##..## ###...# #...# ##..#
##..## #..# #...## #.o#
##...#


You could see a gnoll.

Vanquished Creatures
  An ogre (D:4)
  A hound (D:4)
  An orc priest (D:3)
  A gnoll shaman (D:4)
  Terence (D:3)
  An orc wizard (D:4)
  A worker ant (D:4)
  Robin (D:2)
  4 adders
  3 gnolls (D:4)
  4 giant geckos
  11 orcs
  8 bats
  2 giant cockroaches
  17 goblins
  6 hobgoblins
  7 jackals
  5 kobolds
  3 giant newts
  13 rats
91 creatures vanquished.

Vanquished Creatures (others)
  4 crimson imps (D:3)
  A white imp (D:3)
5 creatures vanquished.

Grand Total: 96 creatures vanquished

Notes
Turn   | Place    | Note
--------------------------------------------------------------
     0 | D:1      | sose, the Vine Stalker Wizard, began the quest for the Orb.
     0 | D:1      | Reached XP level 1. HP: 9/9 MP: 5/5
   256 | D:1      | Reached XP level 2. HP: 13/13 MP: 1/7
   260 | D:1      | Learned a level 2 spell: Call Imp
   263 | D:1      | Learned a level 2 spell: Blink
   744 | D:2      | Found a glowing silver altar of Zin.
   788 | D:2      | Reached XP level 3. HP: 16/16 MP: 2/8
   843 | D:2      | Learned a level 3 spell: Mephitic Cloud
   851 | D:2      | Found a snail-covered altar of Cheibriados.
  1393 | D:3      | Noticed Robin
  1473 | D:2      | Killed Robin
  1473 | D:2      | Reached skill level 1 in Air Magic
  1545 | D:3      | Reached skill level 1 in Poison Magic
  1573 | D:3      | Reached XP level 4. HP: 21/21 MP: 7/9
  1665 | D:3      | Noticed Terence
  1903 | D:3      | Killed Terence
  2209 | D:3      | Reached XP level 5. HP: 18/24 MP: 2/10
  2281 | D:3      | Noticed Grinder
  2282 | D:3      | Paralysed by Grinder for 2 turns
  2710 | D:3      | Paralysed by Grinder for 7 turns
  3157 | D:4      | Noticed an ogre
  3222 | D:4      | Killed an ogre
  3222 | D:4      | Gained mutation: You heal very quickly. [Vine Stalker growth]
  3222 | D:4      | Reached XP level 6. HP: 10/28 MP: 4/11
  3741 | D:3      | Reached skill level 4 in Conjurations
  4036 | D:4      | HP: 1/28 [gnoll/spear of venom (8)]
  4037 | D:4      | Succumbed to a gnoll's poison

Action                   |  1- 3 |  4- 6 || total
-------------------------+-------+-------++-------
Melee: Whip              |     8 |       ||     8
       Unarmed           |     1 |       ||     1
       Dagger            |    20 |   107 ||   127
       Hand axe          |       |    36 ||    36
 Cast: Magic Dart        |    71 |    83 ||   154
       Call Imp          |     1 |     8 ||     9
       Mephitic Cloud    |       |    28 ||    28
  Use: Scroll            |       |     1 ||     1
       Potion            |       |     1 ||     1
 Stab: Confused          |       |     7 ||     7
  Eat: Chunk             |     2 |     8 ||    10
       Meat ration       |       |     1 ||     1
